TOP OF THE 1ST |
Grim Reapers batting - Pitching for Yellowknife Dragonblood : RHP Yura Edel
|
Pitching: RHP Yura Edel
|
|
Batting: RHB Alberto Rodríguez
|
0-0: Fly out, F9 (Line Drive, 9M)
|
Batting: RHB Bill Allen
|
0-0: Ball 1-0: Foul Ball, location: 2F 1-1: Foul Ball, location: 2F 1-2: Strikes out swinging
|
Batting: RHB Vincent Klein
|
0-0: Ball 1-0: Called Strike 1-1: Ball 2-1: Ball 3-1: Base on Balls
|
Batting: RHB Víctor Hernández
|
0-0: Called Strike 0-1: Foul Ball, location: 2F 0-2: Ball 1-2: Strikes out swinging
|
Top of the 1st over - 0 run(s), 0 hit(s), 0 error(s), 1 left on base; Grim 0 - Yellowknife 0 |
BOTTOM OF THE 1ST |
Yellowknife Dragonblood batting - Pitching for Grim Reapers : RHP Pedro Figueroa
|
Pitching: RHP Pedro Figueroa
|
|
Batting: RHB Roberto Vázquez
|
0-0: Called Strike 0-1: Ball 1-1: Swinging Strike 1-2: Strikes out swinging
|
Batting: RHB Jason Mann
|
0-0: Ball 1-0: SINGLE (Groundball, 34D)
|
Batting: LHB Cisco Padilla
|
0-0: Called Strike 0-1: Swinging Strike 0-2: Ball 1-2: Ball 2-2: SINGLE (Groundball, 34D) Jason Mann to second Runner from 2nd tries for 3rd, SAFE, throw made to third
|
Batting: RHB Rodriguo Condea
|
0-0: Ball 1-0: Ball 2-0: Swinging Strike 2-1: Ball 3-1: Called Strike 3-2: Strikes out swinging
|
Batting: RHB Ángel Arroyo
|
0-0: Called Strike 0-1: Called Strike 0-2: DOUBLE (Flyball, 7D) Jason Mann scores Cisco Padilla to third Runner from 3rd tries for Home, SAFE, no throw or cutoff
|
Batting: SHB Mitch Qualtrough
|
0-0: Ball 1-0: Fly out, F3 (Popup, 3SF)
|
Bottom of the 1st over - 2 run(s), 3 hit(s), 0 error(s), 1 left on base; Grim 0 - Yellowknife 2 |
TOP OF THE 2ND |
Grim Reapers batting - Pitching for Yellowknife Dragonblood : RHP Yura Edel
|
Batting: RHB Jorge López
|
0-0: Ball 1-0: Ball 2-0: Ball 3-0: Base on Balls
|
Batting: RHB António Díaz
|
0-0: Called Strike 0-1: Ball 1-1: Ball 2-1: Ball 3-1: Fielders Choice at 2nd, 6-4 (Groundball, 6M)
|
Batting: RHB Júlio Gonzáles
|
0-0: Ball 1-0: SINGLE (Groundball, 34D) António Díaz to second Runner from 2nd tries for 3rd, OUT! Júlio Gonzáles to second
|
Batting: LHB Alberto Arredondo
|
0-0: Called Strike 0-1: Swinging Strike 0-2: Foul Ball, location: 2F 0-2: Reached on Error, E8 (Flyball, 8LD) Júlio Gonzáles scores
|
Batting: LHB Edgardo Díaz
|
0-0: Ground out 3-1 (Groundball, 3)
|
Top of the 2nd over - 1 run(s), 1 hit(s), 1 error(s), 1 left on base; Grim 1 - Yellowknife 2 |
BOTTOM OF THE 2ND |
Yellowknife Dragonblood batting - Pitching for Grim Reapers : RHP Pedro Figueroa
|
Batting: SHB Eugene Bentley
|
0-0: Called Strike 0-1: Foul Ball, location: 2F 0-2: Ball 1-2: Ball 2-2: Strikes out looking
|
Batting: RHB Sacha Nieuwenburg
|
0-0: Ball 1-0: Called Strike 1-1: Foul Ball, location: 2F 1-2: Foul Ball, location: 2F 1-2: Foul Ball, location: 2F 1-2: Ball 2-2: Fly out, F9 (Flyball, 89M)
|
Batting: LHB José Vargas
|
0-0: Ball 1-0: Ball 2-0: Ball 3-0: Foul Ball, location: 2F 3-1: Swinging Strike 3-2: Foul Ball, location: 2F 3-2: SINGLE (Groundball, 34)
|
Batting: RHB Roberto Vázquez
|
0-0: Ball 1-0: Fly out, F8 (Flyball, 8LM)
|
Bottom of the 2nd over - 0 run(s), 1 hit(s), 0 error(s), 1 left on base; Grim 1 - Yellowknife 2 |
TOP OF THE 3RD |
Grim Reapers batting - Pitching for Yellowknife Dragonblood : RHP Yura Edel
|
Batting: RHB Alberto Rodríguez
|
0-0: Ball 1-0: SINGLE (Groundball, 56)
|
Batting: RHB Bill Allen
|
0-0: Ball 1-0: Fly out, F8 (Flyball, 8RS)
|
Batting: RHB Vincent Klein
|
0-0: Called Strike Alberto Rodríguez is caught stealing 2nd base 0-1: Ball 1-1: Ball 2-1: Foul Ball, location: 2F 2-2: Ball 3-2: Strikes out swinging
|
Top of the 3rd over - 0 run(s), 1 hit(s), 0 error(s), 0 left on base; Grim 1 - Yellowknife 2 |
BOTTOM OF THE 3RD |
Yellowknife Dragonblood batting - Pitching for Grim Reapers : RHP Pedro Figueroa
|
Batting: RHB Jason Mann
|
0-0: SINGLE (Groundball, 56D)
|
Batting: LHB Cisco Padilla
|
0-0: Ball 1-0: Called Strike 1-1: DOUBLE (Line Drive, 4M) Jason Mann to third
|
Batting: RHB Rodriguo Condea
|
0-0: Ball 1-0: Fly out, F8 (Flyball, 89M)
|
Batting: RHB Ángel Arroyo
|
0-0: DOUBLE (Line Drive, 89M) Jason Mann scores Cisco Padilla scores
|
Batting: SHB Mitch Qualtrough
|
0-0: Fly out, F8 (Flyball, 8RM)
|
Batting: SHB Eugene Bentley
|
0-0: Ball 1-0: Ground out 4-3 (Groundball, 4)
|
Bottom of the 3rd over - 2 run(s), 3 hit(s), 0 error(s), 1 left on base; Grim 1 - Yellowknife 4 |
TOP OF THE 4TH |
Grim Reapers batting - Pitching for Yellowknife Dragonblood : RHP Yura Edel
|
Batting: RHB Víctor Hernández
|
0-0: Ball 1-0: Foul Ball, location: 2F 1-1: Called Strike 1-2: Ball 2-2: Ball 3-2: Foul Ball, location: 2F 3-2: Strikes out swinging
|
Pitching: RHP Víctor Solís
|
|
Batting: RHB Jorge López
|
0-0: Ball 1-0: Swinging Strike 1-1: Fly out, F4 (Line Drive, 4M)
|
Batting: RHB António Díaz
|
0-0: Ball 1-0: SINGLE (Line Drive, 89S)
|
Batting: RHB Júlio Gonzáles
|
0-0: Foul Ball, location: 2F 0-1: Ball António Díaz is caught stealing 2nd base
|
Top of the 4th over - 0 run(s), 1 hit(s), 0 error(s), 0 left on base; Grim 1 - Yellowknife 4 |
BOTTOM OF THE 4TH |
Yellowknife Dragonblood batting - Pitching for Grim Reapers : RHP Pedro Figueroa
|
Batting: RHB Sacha Nieuwenburg
|
0-0: Called Strike 0-1: Fly out, F3 (Popup, 23)
|
Batting: LHB José Vargas
|
0-0: Called Strike 0-1: Foul Ball, location: 2F 0-2: Ball 1-2: Foul Ball, location: 2F 1-2: Reached on error, E3 (Groundball, 3S)
|
Batting: RHB Roberto Vázquez
|
Balk! José Vargas to second 0-0: Ball 1-0: Ball 2-0: Called Strike 2-1: Ball 3-1: Foul Ball, location: 2F 3-2: Foul Ball, location: 2F 3-2: Base on Balls
|
Batting: RHB Jason Mann
|
0-0: Fly out, F8 (Flyball, 8RM)
|
Pitching: RHP Ramón Castaneda
|
|
Batting: LHB Cisco Padilla
|
0-0: Ball 1-0: Called Strike 1-1: Ball 2-1: Swinging Strike 2-2: Strikes out looking
|
Bottom of the 4th over - 0 run(s), 0 hit(s), 1 error(s), 2 left on base; Grim 1 - Yellowknife 4 |
TOP OF THE 5TH |
Grim Reapers batting - Pitching for Yellowknife Dragonblood : RHP Víctor Solís
|
Batting: RHB Júlio Gonzáles
|
0-0: Called Strike 0-1: Ground out 6-3 (Groundball, 6)
|
Batting: LHB Alberto Arredondo
|
0-0: Called Strike 0-1: Ball 1-1: Called Strike 1-2: Foul Ball, location: 2F 1-2: Foul Ball, location: 2F 1-2: Strikes out looking
|
Batting: LHB Edgardo Díaz
|
0-0: Ground out U3 (Groundball, 3)
|
Top of the 5th over - 0 run(s), 0 hit(s), 0 error(s), 0 left on base; Grim 1 - Yellowknife 4 |
BOTTOM OF THE 5TH |
Yellowknife Dragonblood batting - Pitching for Grim Reapers : RHP Ramón Castaneda
|
Batting: RHB Rodriguo Condea
|
0-0: Fly out, F7 (Flyball, 78D)
|
Batting: RHB Ángel Arroyo
|
0-0: Fly out, F9 (Flyball, 9M)
|
Batting: SHB Mitch Qualtrough
|
0-0: Ball 1-0: Fly out, F8 (Flyball, 8RS)
|
Bottom of the 5th over - 0 run(s), 0 hit(s), 0 error(s), 0 left on base; Grim 1 - Yellowknife 4 |
TOP OF THE 6TH |
Grim Reapers batting - Pitching for Yellowknife Dragonblood : RHP Víctor Solís
|
Batting: RHB Alberto Rodríguez
|
0-0: Called Strike 0-1: Called Strike 0-2: Ball 1-2: Foul Ball, location: 2F 1-2: Strikes out looking
|
Batting: RHB Bill Allen
|
0-0: Called Strike 0-1: Ball 1-1: Ball 2-1: Ball 3-1: Called Strike 3-2: Base on Balls
|
Batting: RHB Vincent Klein
|
0-0: Ball 1-0: Ball 2-0: Called Strike 2-1: Foul Ball, location: 2F 2-2: Strikes out looking
|
Batting: RHB Víctor Hernández
|
0-0: Called Strike 0-1: Ball 1-1: Ball 2-1: Called Strike 2-2: Strikes out swinging
|
Top of the 6th over - 0 run(s), 0 hit(s), 0 error(s), 1 left on base; Grim 1 - Yellowknife 4 |
BOTTOM OF THE 6TH |
Yellowknife Dragonblood batting - Pitching for Grim Reapers : RHP Ramón Castaneda
|
Batting: SHB Eugene Bentley
|
0-0: Called Strike 0-1: Swinging Strike 0-2: Ball 1-2: Ball 2-2: Foul Ball, location: 2F 2-2: Ball 3-2: SINGLE (Groundball, 5S) (infield hit)
|
Batting: RHB Sacha Nieuwenburg
|
0-0: Called Strike 0-1: Ball 1-1: Foul Ball, location: 2F 1-2: Foul Ball, location: 2F 1-2: Foul Ball, location: 2F 1-2: DOUBLE (Groundball, 5L) Eugene Bentley to third
|
Batting: LHB José Vargas
|
0-0: Called Strike 0-1: Ball 1-1: Fly out, F7 (Flyball, 78D) Runner from 3rd tags up, SCORES, no throw
|
Batting: RHB Roberto Vázquez
|
0-0: Swinging Strike 0-1: Ground out 5-3 (Groundball, 56)
|
Batting: RHB Jason Mann
|
0-0: Called Strike 0-1: Ball 1-1: Called Strike 1-2: Ground out 5-3 (Groundball, 5)
|
Bottom of the 6th over - 1 run(s), 2 hit(s), 0 error(s), 1 left on base; Grim 1 - Yellowknife 5 |
TOP OF THE 7TH |
Grim Reapers batting - Pitching for Yellowknife Dragonblood : RHP Víctor Solís
|
Batting: RHB Jorge López
|
0-0: Called Strike 0-1: Ball 1-1: Ball 2-1: Foul Ball, location: 2F 2-2: SINGLE (Line Drive, 34D)
|
Batting: RHB António Díaz
|
0-0: Ball 1-0: Foul Ball, location: 2F 1-1: Ball 2-1: SINGLE (Groundball, 34) Jorge López to second Runner from 2nd tries for 3rd, SAFE, throw made to third
|
Batting: RHB Júlio Gonzáles
|
0-0: Called Strike 0-1: Swinging Strike 0-2: SINGLE (Line Drive, 7S) Jorge López scores António Díaz to second
|
Batting: LHB Alberto Arredondo
|
0-0: Called Strike 0-1: Ball 1-1: Bunted foul 1-2: Foul Ball, location: 2F 1-2: Strikes out swinging
|
Pitching: LHP Jorge Sánchez
|
|
Batting: LHB Edgardo Díaz
|
0-0: Fielders Choice at 2nd, 5-4 (Groundball, 5D) António Díaz to third
|
Now at 2B: Higino Malrasca
|
|
Batting: RHB Alberto Rodríguez
|
0-0: Ball 1-0: Called Strike 1-1: Swinging Strike 1-2: Foul Ball, location: 2F 1-2: Foul Ball, location: 2F 1-2: Foul Ball, location: 2F 1-2: SINGLE (Line Drive, 8RS) António Díaz scores Edgardo Díaz to second Runner from 2nd tries for 3rd, SAFE, throw made to third Alberto Rodríguez to second
|
Batting: RHB Bill Allen
|
0-0: Ball 1-0: Foul Ball, location: 2F 1-1: Ball 2-1: TRIPLE (Line Drive, 9LS) Edgardo Díaz scores Alberto Rodríguez scores
|
Batting: RHB Vincent Klein
|
0-0: Swinging Strike 0-1: Called Strike 0-2: Strikes out swinging
|
Top of the 7th over - 4 run(s), 5 hit(s), 0 error(s), 1 left on base; Grim 5 - Yellowknife 5 |
BOTTOM OF THE 7TH |
Yellowknife Dragonblood batting - Pitching for Grim Reapers : RHP Ramón Castaneda
|
Batting: LHB Cisco Padilla
|
0-0: Called Strike 0-1: Swinging Strike 0-2: Ball 1-2: Ball 2-2: Ball 3-2: Foul Ball, location: 2F 3-2: Foul Ball, location: 2F 3-2: SINGLE (Line Drive, 4MD)
|
Batting: RHB Rodriguo Condea
|
0-0: Swinging Strike 0-1: Called Strike 0-2: Ball 1-2: Fly out, F5 (Popup, 25F)
|
Pinch Hitting: LHB Gonzalo Álvarez
|
0-0: Called Strike 0-1: Called Strike 0-2: Strikes out swinging
|
Batting: SHB Mitch Qualtrough
|
0-0: Called Strike 0-1: Ball 1-1: Hit by Pitch Cisco Padilla to second
|
Batting: SHB Eugene Bentley
|
0-0: Foul Ball, location: 2F 0-1: 3-RUN HOME RUN (Flyball, 7D), Distance : 367 ft
|
Pitching: RHP Daryl Thomas
|
|
Batting: RHB Sacha Nieuwenburg
|
0-0: Ball 1-0: Called Strike 1-1: Ball 2-1: DOUBLE (Flyball, 7M)
|
Batting: LHB José Vargas
|
0-0: Foul Ball, location: 2F 0-1: Ground out U3 (Groundball, 3)
|
Bottom of the 7th over - 3 run(s), 3 hit(s), 0 error(s), 1 left on base; Grim 5 - Yellowknife 8 |
TOP OF THE 8TH |
Grim Reapers batting - Pitching for Yellowknife Dragonblood : LHP Jorge Sánchez
|
Now in LF: Gonzalo Álvarez
|
|
Batting: RHB Víctor Hernández
|
0-0: Called Strike 0-1: Fly out, F2 (Popup, 25F)
|
Batting: RHB Jorge López
|
0-0: Foul Ball, location: 2F 0-1: Swinging Strike 0-2: Ball 1-2: Foul Ball, location: 2F 1-2: Foul Ball, location: 2F 1-2: Strikes out swinging
|
Batting: RHB António Díaz
|
0-0: Ball 1-0: Swinging Strike 1-1: Fly out, F9 (Flyball, 9S)
|
Top of the 8th over - 0 run(s), 0 hit(s), 0 error(s), 0 left on base; Grim 5 - Yellowknife 8 |
BOTTOM OF THE 8TH |
Yellowknife Dragonblood batting - Pitching for Grim Reapers : RHP Daryl Thomas
|
Batting: RHB Roberto Vázquez
|
0-0: Called Strike 0-1: Ball 1-1: Ball 2-1: Ball 3-1: Base on Balls
|
Batting: RHB Jason Mann
|
0-0: Bunted foul 0-1: Ball 1-1: Sac Bunt - play at first, batter OUT! 1-4 Roberto Vázquez to second
|
Batting: LHB Cisco Padilla
|
0-0: Called Strike 0-1: Foul Ball, location: 2F 0-2: SINGLE (Groundball, 6MD) Roberto Vázquez to third Runner from 3rd tries for Home, SAFE, no throw or cutoff
|
Batting: RHB Rodriguo Condea
|
0-0: Ball 1-0: 2-RUN HOME RUN (Flyball, 7D), Distance : 357 ft
|
Pitching: RHP Christian Harris
|
|
Batting: LHB Gonzalo Álvarez
|
0-0: Called Strike 0-1: Ball 1-1: Foul Ball, location: 2F 1-2: SINGLE (Line Drive, 6MD)
|
Batting: SHB Mitch Qualtrough
|
0-0: Ball 1-0: Ball 2-0: Ball 3-0: Called Strike 3-1: Swinging Strike 3-2: Foul Ball, location: 2F 3-2: Foul Ball, location: 2F 3-2: Fly out, F8 (Flyball, 8RM) 3-2: Fly out, F8 (Flyball, 8RM)
|
Batting: SHB Eugene Bentley
|
0-0: Ball Gonzalo Álvarez steals 2nd base 1-0: Ball 2-0: SINGLE (Line Drive, 7S) Gonzalo Álvarez to third Runner from 3rd tries for Home, SAFE, no throw or cutoff
|
Batting: RHB Sacha Nieuwenburg
|
0-0: SINGLE (Groundball, 56D) Eugene Bentley to second
|
Batting: LHB José Vargas
|
0-0: Called Strike 0-1: Ground out 4-3 (Groundball, 4)
|
Bottom of the 8th over - 4 run(s), 5 hit(s), 0 error(s), 2 left on base; Grim 5 - Yellowknife 12 |
TOP OF THE 9TH |
Grim Reapers batting - Pitching for Yellowknife Dragonblood : LHP Jorge Sánchez
|
Now at C: Raúl Moreno
|
|
Now in LF: Lloyd Walsh
|
|
Batting: RHB Júlio Gonzáles
|
0-0: Fly out, F9 (Flyball, 9M)
|
Batting: LHB Alberto Arredondo
|
0-0: Swinging Strike 0-1: Ball 1-1: Swinging Strike 1-2: Foul Ball, location: 2F 1-2: Ball 2-2: Fly out, F7 (Flyball, 7S)
|
Batting: LHB Edgardo Díaz
|
0-0: Foul Ball, location: 2F 0-1: Foul Ball, location: 2F 0-2: Ball 1-2: Ball 2-2: Ball 3-2: SINGLE (Groundball, 56D)
|
Batting: RHB Alberto Rodríguez
|
0-0: Ball 1-0: Swinging Strike 1-1: Ball 2-1: Ball 3-1: Called Strike 3-2: Ground out 6-3 (Groundball, 6)
|
Top of the 9th over - 0 run(s), 1 hit(s), 0 error(s), 1 left on base; Grim 5 - Yellowknife 12 |
|